 Seeded DCSS version 0.28-a0-1435-g82390b3 (webtiles) character file.

Game seed: 3749806054204483717 (custom seed)

239 Geeful the Skirmisher (level 5, -5/41 (47) HPs)
             Began as a Draconian Transmuter on Jan 9, 2022.
             Slain by an orc (9 damage)
             ... on level 3 of the Dungeon.
             The game lasted 00:07:32 (3011 turns).

Geeful the Skirmisher (Draconian Transmuter)        Turns: 3011, Time: 00:07:33

HP:   -5/41 (47)    AC:  6    Str: 14    XL:     5   Next: 79%
MP:   8/8           EV: 13    Int: 13    God:
Gold: 170           SH:  0    Dex: 12    Spells: 7/8 levels left

rFire   . . .      SeeInvis .   e - +3 short sword (drain)
rCold   . . .      Faith    .   (no shield)
rNeg    . . .      Spirit   .   (armour unavailable)
rPois   .          Reflect  .   (helmet restricted)
rElec   .          Harm     .   (no cloak)
rCorr   .          Rampage  .   c - +0 pair of gloves
Will    .....                   (no boots)
Stlth   +.........              (no amulet)
HPRegen 0.13/turn               (no ring)
MPRegen 0.11/turn               (no ring)

@: heavily drained
A: AC +5, unfitting armour, cold-blooded
a: no special abilities


You were on level 3 of the Dungeon.
You visited 1 branch of the dungeon, and saw 3 of its levels.

You collected 170 gold pieces.

Inventory:

Hand Weapons
 e - a +3 short sword of draining (weapon)
Missiles
 a - 8 poisoned darts
Armour
 c - a +0 pair of gloves (worn)
Scrolls
 b - 2 scrolls of identify {unknown}
 d - a scroll of vulnerability {unknown}
 g - a scroll of magic mapping {unknown}
 h - 3 scrolls of amnesia {unknown}
Potions
 f - 2 potions of curing


   Skills:
 + Level 4.5 Fighting
 + Level 4.1 Dodging
 - Level 3.0 Unarmed Combat
 - Level 2.0 Spellcasting
 - Level 2.0 Transmutations


You had 7 spell levels left.
You knew the following spells:

 Your Spells              Type           Power      Damage    Failure   Level
a - Beastly Appendage     Tmut           12%        N/A       11%         1

Your spell library contained the following spells:

 Spells                   Type           Power      Damage    Failure   Level
 Wereblood                Tmut           6%         N/A       17%         2
 Spider Form              Tmut/Pois      3%         N/A       45%         3
 Ice Form                 Ice/Tmut       3%         N/A       86%         4


Dungeon Overview and Level Annotations

Branches:
Dungeon (3/15)

Altars:
Beogh


Innate Abilities, Weirdness & Mutations

Your plain brown scales are hard. (AC +5)
You cannot fit into any form of body armour.
You are cold-blooded and may be slowed by cold attacks.


Message History

You hit slippy's ghost but do no damage.
Slippy's ghost is almost destroyed.
Slippy's ghost hits you.
You feel drained.
You hit slippy's ghost. You tail-slap slippy's ghost.
You destroy slippy's ghost!
Your Fighting skill increases to level 4!
Your Dodging skill increases to level 4!
You hit the orc.
The orc is heavily wounded.
The orc hits you but does no damage.
You barely miss the orc.
The orc is heavily wounded.
The orc hits you but does no damage.
You barely miss the orc.
The orc is heavily wounded.
The orc barely misses you.
You hit the orc but do no damage.
The orc is heavily wounded.
The orc completely misses you.
You barely miss the orc. You punch the orc, but do no damage.
The orc is heavily wounded.
The orc hits you with a +0 club.
* * * LOW HITPOINT WARNING * * *
You closely miss the orc.
The orc is heavily wounded.
The orc hits you but does no damage.
You hit the orc.
You kill the orc!
You hit the orc but do no damage.
Your tail-slap misses the orc.
The orc misses you.
You hit the orc but do no damage. You drain the orc.
The orc is moderately wounded.
The orc hits you with the +4 mace "Xoaqiuru" {elec, SInv}.
* * * LOW HITPOINT WARNING * * *
You closely miss the orc.
The orc is moderately wounded.
The orc hits you with the +4 mace "Xoaqiuru" {elec, SInv}.
* * * LOW HITPOINT WARNING * * *
You are electrocuted!
You die...

.#.######[...#o'.......# ###'###
.#.# ....#.#.......######.#..
##.# ..##..#......>.......#)#
##.# ..8#..#..............'..
##.# ..##..#..............#.#
##.# 8.....#.................
...# #######8o.###...###....#
#### #o#.#######......#
########## #@#.#....#..#.#..#
#........# #.#.'.......#'#..#
#........# #.###............#
#........#######...'....###'###.#
#.............######....#§≈.§≈###
................>.......#≈..§§#..
####.............########≈§§§≈###
.................'......#§§§§§#..
#####...#........########§#.#≈###


You could see 2 orcs.

Vanquished Creatures
  The ghost of slippy the Changer, an amateur DrTm of Ru (D:3)
  7 adders
  3 gnolls (D:3)
  2 worms (D:3)
  2 dart slugs
  6 orcs (D:3)
  2 bats (D:2)
  An endoplasm (D:2)
  6 giant cockroaches
  A goblin (D:2)
  4 hobgoblins
  2 jackals (D:3)
  A kobold (D:1)
  A quokka (D:3)
  7 ball pythons
  5 frilled lizards
  6 rats
57 creatures vanquished.

Notes
Turn   | Place    | Note
-------+----------+-------------------------------------------
     0 | D:1      | Geeful the Draconian Transmuter began the quest for the
                  | Orb.
     0 | D:1      | Reached XP level 1. HP: 16/16 MP: 3/3
   231 | D:2      | Reached XP level 2. HP: 24/24 MP: 3/5
   410 | D:1      | Found a faded altar of an unknown god.
  1008 | D:2      | Reached XP level 3. HP: 18/30 MP: 6/6
  1326 | D:2      | Reached XP level 4. HP: 38/38 MP: 7/7
  2405 | D:3      | Found a runed translucent gate.
  2405 | D:3      | Found a runed translucent gate.
  2405 | D:3      | Found a runed translucent gate.
  2408 | D:3      | Noticed slippy's ghost (amateur DrTm)
  2411 | D:3      | Identified the +4 mace "Xoaqiuru" {elec, SInv}
  2743 | D:3      | Reached XP level 5. HP: 46/46 MP: 8/8
  3001 | D:3      | Killed slippy's ghost
  3011 | D:3      | Slain by an orc

Illustrated notes

Levels and vault maps discovered:
D:1:      psy_arrival_statuary, layout_basic,
          chequers_ecumenical_altar_simple_redux
D:2:      layout_rooms
D:3:      layout_basic, biasface_ghost_orc_armoury, gup_sewer_entry_spiral,
          kennysheep_minor_cross, minmay_misc_feat_plants,
          chequers_serial_rivers_small_b

Skill      XL: |  1  2  3  4  5 |
---------------+----------------+-----
Dodging        | 2 3 4 |  4.1
Fighting       | 2 3 4 |  4.5
Unarmed Combat | |  3.0
Spellcasting   | |  2.0
Transmutations | |  2.0

Action                   |  1- 3 |  4- 6 || total
-------------------------+-------+-------++-------
Melee: Unarmed           |    39 |       ||    39
       Kick              |     4 |       ||     4
       Short sword       |    45 |   109 ||   154
       Tailslap          |     5 |     8 ||    13
       Punch             |     1 |     3 ||     4
 Cast: Beastly Appendage |     3 |       ||     3
  Use: Potion            |       |     1 ||     1
 Stab: Distracted        |       |     1 ||     1
Armor: Skin              |    28 |    31 ||    59
Dodge: Dodged            |    61 |    54 ||   115

Table legend: (Time is in decaauts)
 A = Elapsed time spent in this place.
 B = Non-inter-level travel time spent in this place.
 C = Inter-level travel time spent in this place.
 D = Time resting spent in this place.
 E = Time spent auto-exploring this place.
 F = Levels seen in this place.
 G = Mean time per level.
                   A        B        C        D        E       F      G
               +--------+--------+--------+--------+--------+-----+--------+
         Total |   3066 |   3040 |     26 |    157 |   2217 |   3 | 1022.0 |
       Dungeon |   3066 |   3040 |     26 |    157 |   2217 |   3 | 1022.0 |
               +--------+--------+--------+--------+--------+-----+--------+

Top non-repeatable levels by time:
     D:3: 1376 daAuts
     D:1: 980 daAuts
     D:2: 710 daAuts
